 Dungeon Crawl Stone Soup version 0.32-a0-871-ge202e49faa (webtiles) character file.

Game seed: 12964519049186707053

102046 Autsider the Brawler (level 15, -16/153 HPs)
             Began as a Troll Fighter on Mar 29, 2024.
             Was the Champion of Wu Jian.
             Killed from afar by a merfolk aquamancer (57 damage)
             ... with a ball of steam
             ... on level 3 of the Shoals.
             The game lasted 01:26:14 (20005 turns).

Autsider the Brawler (Troll Fighter)               Turns: 20005, Time: 01:26:14

Health: -16/153    AC:  4    Str: 28    XL:     15   Next: 85%
Magic:  0/18       EV: 16    Int:  8    God:    Wu Jian [******]
Gold:   2224       SH: 26    Dex: 13    Spells: 14/20 levels left

rFire   x .          .
                       - Unarmed
rCold   . . .        O - +10 tower shield of Ignorance {rN+ Int-4}
rNeg    + . .        b - +0 robe {Will+}
rPois   .            (helmet restricted)
rElec   +            K - scarf "Ziobbuh" {repulsion, rCorr}
rCorr   +            (gloves unavailable)
SInv    .            (boots unavailable)
Will    ++...        r - amulet of guardian spirit
Stlth   +            x - +5 ring of evasion
HPRegen 1.25/turn    B - ring "Vauqotu" {Fly rElec rF- Int+6}
MPRegen 0.16/turn

%: repel missiles, guardian spirit
@: afraid, flying
A: large, unfitting armour, claws 3, regeneration 1, shaggy fur 1, tough skin 1
a: Renounce Religion, Wall Jump, Serpent's Lash, Heavenly Storm


You were on level 3 of the Shoals.
You worshipped Wu Jian.
Wu Jian was exalted by your worship.
You visited 4 branches of the dungeon, and saw 22 of its levels.
You also visited: Ossuary and Gauntlet.

You collected 3581 gold pieces.
You spent 1357 gold pieces at shops.

Inventory:

Missiles
 n - 5 throwing nets (quivered)
 s - 7 silver javelins
 H - 6 curare-tipped darts
 S - 11 atropa-tipped darts
Armour
 a - a +0 robe of cold resistance
 b - a +0 robe of willpower (worn)
 y - a +2 cloak of stealth
 A - the +1 robe of the Hippo {rF+ Dex+3}
   (You found it in a Gauntlet)

   Dex+3:     It affects your dexterity (+3).
   rF+:       It protects you from fire.
 K - the scarf "Ziobbuh" (worn) {repulsion, rCorr}
   (You found it on level 5 of the Lair of Beasts)

   rCorr:     It protects you from acid and corrosion.
 O - the +10 tower shield of Ignorance (worn) {rN+ Int-4}
   (You acquired it on level 12 of the Dungeon)

   Int-4:     It affects your intelligence (-4).
   rN+:       It protects you from negative energy.
 R - a +2 robe of resistance
 U - the +0 robe "Keudeb" {*Slow rN+++ Dex+5 SInv}
   (You found it on level 1 of the Lair of Beasts)

   Dex+5:     It affects your dexterity (+5).
   rN+++:     It renders you almost immune to negative energy.
   SInv:      It lets you see invisible.
   *Slow:     It may slow you when you take damage.
Jewellery
 f - a +6 ring of dexterity
 k - a ring of protection from cold
 r - an amulet of guardian spirit (around neck)
 x - a +5 ring of evasion (left claw)
 B - the ring "Vauqotu" (right claw) {Fly rElec rF- Int+6}
   (You found it in an ossuary)

   [ring of intelligence]

   Int+6:     It affects your intelligence (+6).
   rF-:       It makes you vulnerable to fire.
   rElec:     It insulates you from electricity.
   Fly:       It grants you flight.
 T - a ring of fire
Wands
 p - a wand of mindburst (5)
 E - a wand of warping (18)
 M - a wand of quicksilver (15)
 N - a wand of paralysis (13)
Scrolls
 g - 3 scrolls of enchant weapon
 h - a scroll of blinking
 i - 4 scrolls of fog
 j - 6 scrolls of teleportation
 t - a scroll of poison
 w - 4 scrolls of enchant armour
 C - a scroll of fear
 G - 3 scrolls of amnesia
 I - 7 scrolls of identify
 V - 4 scrolls of immolation
 W - a scroll of vulnerability
Potions
 c - 3 potions of might
 d - a potion of heal wounds
 e - a potion of curing
 l - 2 potions of brilliance
 m - 3 potions of cancellation
 o - 6 potions of lignification
 q - 2 potions of ambrosia
 u - 3 potions of resistance
 z - 3 potions of magic
 D - 4 potions of haste
 F - a potion of invisibility
 J - 3 potions of mutation
 P - a potion of enlightenment
 Q - a potion of attraction
 Y - a potion of berserk rage {unknown}
Miscellaneous
 v - a lightning rod (4/4)
 L - a condenser vane
 X - a phial of floods


   Skills:
 + Level 11.0 Fighting
 - Level 9.9 Dodging
 + Level 11.9 Shields
 * Level 17.5 Unarmed Combat
 - Level 3.3 Spellcasting
 + Level 6.6 Translocations


You had 14 spell levels left.
You knew the following spells:

 Your Spells              Type           Power      Damage    Failure   Level
a - Lesser Beckoning      Tloc           22%        N/A       9%          2
b - Passage of Golubria   Tloc           11%        N/A       47%         4

Your spell library contained the following spells:

 Spells                   Type           Power      Damage    Failure   Level
 Teleport Other           Tloc           11%        N/A       16%         3
 Maxwell's Portable Pile  Tloc           11%        2d(7-13)  47%         4
 Volatile Blastmotes      Fire/Tloc      12%        2d11      54%         3
 Freeze                   Ice            4%         1d3       63%         1
 Kiss of Death            Conj/Necr      4%         2d5       63%         1
 Magic Dart               Conj           4%         1d3       63%         1
 Call Imp                 Summ           2%         N/A       77%         2
 Jinxbite                 Hex            2%         N/A       77%         2
 Mercury Vapours          Alch/Air       2%         N/A       77%         2
 Scorch                   Fire           2%         2d5       77%         2
 Searing Ray              Conj           2%         2d4       77%         2
 Sublimation of Blood     Necr           1%         N/A       77%         2
 Confusing Touch          Hex            1%         N/A       94%         3
 Frozen Ramparts          Ice            2%         1d1       94%         3
 Hailstorm                Conj/Ice       1%         3d5       94%         3
 Tukima's Dance           Hex            1%         N/A       94%         3
 Anguish                  Hex/Necr       0%         N/A       100%        4
 Cause Fear               Hex            0%         N/A       100%        4
 Dispel Undead            Necr           1%         3d6       100%        4
 Flame Wave               Conj/Fire      1%         2d4       100%        4
 Fulminant Prism          Conj/Alch      0%         3d5       100%        4
 Petrify                  Alch/Erth      1%         N/A       100%        4
 Alistair's Intoxication  Alch           0%         N/A       100%        5
 Borgnjor's Vile Clutch   Necr/Erth      0%         N/A       100%        5
 Irradiate                Conj/Alch      0%         3d11      100%        5
 Yara's Violent Unravell  Hex/Alch       0%         3d3       100%        5
 Conjure Ball Lightning   Conj/Air       0%         3x3d6     100%        6
 Eringya's Noxious Bog    Alch           0%         4d6       100%        6
 Enfeeble                 Hex            0%         N/A       100%        7
 Summon Hydra             Summ           0%         N/A       100%        7
 Discord                  Hex            0%         N/A       100%        8
 Disjunction              Tloc           5%         N/A       100%        8
 Fire Storm               Conj/Fire      0%         6d1       100%        9


Dungeon Overview and Level Annotations

Branches:
Dungeon (12/15)            Temple (0/1) D:4            Lair (5/5) D:11
 Shoals (3/4) Lair:3        Snake (0/4) Lair:3        Slime (0/5) Lair:5
    Orc (2/2) D:9             Elf (0/3) Orc:2       Ossuary (visited)
Gauntlet (visited)

Altars:
Ashenzari
Hepliaklqana
Kikubaaqudgha
Makhleb
Nemelex Xobeh
Okawaru
Uskayaw
Wu Jian
Yredelemnul
Zin
The Shining One
Beogh
Jiyva
Lugonu

Shops:
D:5 (   D:8 *   D:9 [   Orc:2 (:[(*   Shoals:3 (

Portals:
Abyss: Lair:5

Annotations:
Lair:4 exclusion: oklob plant


Innate Abilities, Weirdness & Mutations

You are too large for most types of armour.
You have claws for hands.
Your natural rate of healing is unusually fast.
You are covered in fur. (AC +1)
You have tough skin. (AC +1)


Message History

The sling bullet is repelled.
The satyr shoots an arrow.
You block the arrow.
You mangle the faun!!
The faun is almost dead.
The merfolk aquamancer gestures wildly while chanting.
The merfolk aquamancer blinks!
You block the faun's attack.
The faun shoots a sling bullet.
You block the sling bullet.
The satyr shoots an arrow.
You block the arrow.
You claw the faun!
You kill the faun!
The Council accepts your kill.
The merfolk aquamancer gestures at you while chanting.
You block the torrent of water.
The wave splashes down.
You hear a shout!
A water elemental comes into view.
The faun shoots a sling bullet.
You block the sling bullet.
The satyr shoots an arrow.
You block the arrow.
The faun shoots a sling bullet.
You block the sling bullet.
A water elemental comes into view.
The faun shoots a sling bullet.
You block the sling bullet.
The satyr shoots an arrow.
The arrow hits you!!
* * * LOW HITPOINT WARNING * * *
The faun shoots a sling bullet.
The sling bullet is repelled.
The merfolk aquamancer casts a spell at you.
The shard of ice is repelled.
Things that are here:
a +0 sling; a +0 quarterstaff The faun shoots a sling bullet.
The sling bullet is repelled.
The satyr shoots an arrow.
You block the arrow.
The faun shoots a sling bullet.
You block the sling bullet.
The faun shoots a sling bullet.
The sling bullet is repelled.
The satyr shoots an arrow.
The arrow hits you!!!
* * * LOW HITPOINT WARNING * * *
You feel your willpower return.
The faun shoots a sling bullet.
You block the sling bullet.
The faun shoots a sling bullet.
The sling bullet hits you!
* * * LOW HITPOINT WARNING * * *
You feel much better.
The merfolk aquamancer gestures at you while chanting.
The ball of steam hits you!!! The steam scalds you terribly!
You die...

~≈≈≈≈≈~~~~~~~.....$~~..~~~~ ~
~≈≈≈≈≈≈≈~~~..c.####.~~.~~~P~ ≈
~≈≈~~~~≈~~~~...)###..~~~~~~~ ≈
~~~~~~~≈≈≈≈~...~.c......~~~≈ ~
.~..~~~~≈≈≈≈~~....~E).##.~~~≈ ~
....~~~≈≈≈≈≈≈~~)~)c~)....~~~~ ~
#..~~~≈≈≈≈≈≈~~m~~~~~)~~~~~~~ ~
#..~~≈≈≈≈≈≈§§~~~~~~~~~P~~~~ ~ .#
###.~~≈≈≈≈≈@≈E≈E~~~~~P~~~~~~
~~~.##..~~~≈≈≈≈≈≈≈≈≈≈~~~~~~~~~~~~
~~~....~~~~≈≈≈≈≈≈≈≈≈≈~~~~~~~~~~~~
≈~~~~~~~~~~≈≈≈≈≈≈≈≈≈≈~~~~~~~~~~~~
≈~~~~~~~~~≈≈≈≈≈≈≈≈≈≈≈~~~~~~~~~~~~
≈≈≈~~~~~≈≈≈≈≈≈≈≈≈≈≈≈≈≈~~~~~~~~~~≈
≈≈≈≈≈≈≈≈≈≈≈≈≈~~~≈~P~≈≈≈~~~~~~~~≈≈
≈≈≈≈≈≈≈≈≈≈≈≈≈~~~≈~~~≈≈≈≈≈≈≈~~~≈≈≈
≈≈≈≈≈≈≈≈≈~~~~~~~~~~~~~≈≈≈≈≈≈≈≈≈≈≈


You could see a satyr (scary), a merfolk aquamancer, 2 fauns and 3 water
elementals.

Vanquished Creatures
  Frances (Shoals:2)
  An orc warlord (Orc:2)
  A minotaur (Gauntlet)
  Josephine (Lair:4)
  4 merfolk impalers
  3 hydras
  2 merfolk avatars
  4 boulder beetles
  A satyr (Shoals:3)
  12 death yaks
  A merfolk aquamancer (Shoals:3)
  A two-headed ogre (Orc:1)
  A catoblepas (Lair:4)
  2 orc high priests
  4 thrashing horrors (Lair:5)
  6 skysharks
  7 sea snakes
  A glowing orange brain (Gauntlet)
  3 harpies (Shoals:1)
  Pikel (D:7)
  An obsidian bat (Orc:2)
  6 orc sorcerers
  12 fauns
  4 cyclopes
  A worldbinder (Gauntlet)
  2 ugly things
  A wolf spider (Lair:3)
  8 kobold blastminers
  A meliai (shapeshifter) (Lair:5)
  7 black mambas
  5 merfolk sirens
  11 elephants
  5 water nymphs
  15 cane toads
  A torpor snail (Lair:5)
  2 smoke demons (Lair:5)
  A large abomination (Lair:5)
  An unseen horror (D:10)
  A rime drake (Lair:1)
  9 komodo dragons
  3 red devils (Orc:1)
  A queen bee (Gauntlet)
  A troll (shapeshifter) (Lair:5)
  A troll (D:10)
  Prince Ribbit (D:8)
  4 wind drakes
  16 merfolk
  2 polar bears
  2 raiju (Lair:5)
  29 blink frogs
  A raiju (shapeshifter) (Lair:5)
  9 dream sheep
  A jumping spider (shapeshifter) (Lair:5)
  2 snapping turtles
  3 slime creatures (D:12)
  2 spriggans (Lair:5)
  6 wraiths
  6 water elementals
  A wyvern (Lair:3)
  10 basilisks
  23 yaks
  A basilisk (shapeshifter) (Lair:5)
  3 wargs
  24 water moccasins
  3 nagas (Lair:3)
  39 orc warriors
  A sky beast (D:7)
  6 black bears
  3 ice beasts
  6 ogres
  17 wolves
  A boggart (Gauntlet)
  2 centaurs
  3 phantoms
  3 lemures (D:7)
  A kobold brigand (D:8)
  Blork the orc (D:4)
  11 small abominations (Lair:5)
  19 bullfrogs
  2 gnoll sergeants
  16 scorpions
  4 wights (D:9)
  18 killer bees
  A howler monkey (D:8)
  2 bombardier beetles
  An electric eel (Lair:3)
  2 hounds (D:5)
  2 jellies
  26 orc priests
  2 human zombies (Ossuary)
  Crazy Yiuf (D:6)
  4 iguanas
  34 orc wizards
  7 scorpion zombies (Ossuary)
  3 mummies (Ossuary)
  10 gnolls
  4 adders
  A shadow imp (D:5)
  3 white imps
  2 ufetubi (D:5)
  2 adder zombies (Ossuary)
  A ribbon worm (D:4)
  86 orcs
  4 bats
  5 endoplasms
  A giant cockroach (D:2)
  3 gnoll zombies (Ossuary)
  5 goblins
  6 hobgoblins
  6 jackals
  3 quokkas
  3 training dummies (Shoals:3)
  5 ball pythons
  5 ball python zombies (Ossuary)
  A frilled lizard (D:1)
  8 kobolds
  2 orc zombies (Ossuary)
  3 rats
713 creatures vanquished.

Notes
Turn   | Place    | Note
-------+----------+-------------------------------------------
     0 | D:1      | Autsider the Troll Fighter began the quest for the Orb.
     0 | D:1      | Reached XP level 1. HP: 22/22 MP: 0/0
   296 | D:1      | Reached XP level 2. HP: 29/29 MP: 1/1
   570 | D:2      | Reached XP level 3. HP: 20/36 MP: 2/2
   893 | D:2      | Reached skill level 3 in Unarmed Combat
  1181 | D:3      | Found a faded altar of an unknown god.
  1223 | D:3      | Identified the +0 leather armour "Iloal" {+Blink rF+}
  1281 | D:3      | Found a hazy altar of Hepliaklqana.
  1339 | D:3      | Reached XP level 4. HP: 44/44 MP: 1/3
  1414 | D:3      | Reached XP level 5. HP: 34/53 MP: 1/4
  1693 | D:3      | Found an ornate altar of the Wu Jian Council.
  1702 | D:3      | Became a worshipper of the Wu Jian Council
  1957 | D:4      | Found a hide-covered altar of Uskayaw.
  1977 | D:4      | Reached skill level 4 in Unarmed Combat
  2028 | D:4      | Found a staircase to the Ecumenical Temple.
  2030 | D:4      | Reached XP level 6. HP: 61/61 MP: 5/5
  2049 | D:4      | Noticed Blork the orc
  2056 | D:4      | Killed Blork the orc
  2174 | D:4      | Found an ancient bone altar of Kikubaaqudgha.
  2426 | D:5      | Entered Level 5 of the Dungeon
  2448 | D:5      | Identified the +0 pair of boots of Mogoetac {Will+}
  2456 | D:5      | Reached skill level 5 in Unarmed Combat
  2456 | D:5      | Reached XP level 7. HP: 67/67 MP: 6/6
  2467 | D:5      | Found a glowing silver altar of Zin.
  2504 | D:5      | Reached * piety under Wu Jian
  2713 | D:5      | Reached skill level 6 in Unarmed Combat
  2718 | D:5      | Got the Secrets of Fulgurant Ignition
  2768 | D:5      | Found Caoti's Antique Weapon Shoppe.
  2834 | D:5      | Reached XP level 8. HP: 78/78 MP: 7/7
  3027 | D:6      | Found a burning altar of Makhleb.
  3078 | D:6      | Reached skill level 5 in Shields
  3078 | D:6      | Reached skill level 7 in Unarmed Combat
  3093 | D:6      | Reached ** piety under Wu Jian
  3225 | D:6      | Found a runed translucent door.
  3226 | D:6      | Noticed Crazy Yiuf
  3232 | D:6      | Killed Crazy Yiuf
  3358 | D:6      | Found a sparkling altar of Nemelex Xobeh.
  3584 | D:7      | Reached skill level 5 in Dodging
  3587 | D:7      | Found a sand-covered staircase.
  3601 | Ossuary  | Entered an ossuary
  3621 | Ossuary  | Reached skill level 5 in Fighting
  3627 | Ossuary  | Reached XP level 9. HP: 88/88 MP: 8/8
  3755 | Ossuary  | Reached skill level 8 in Unarmed Combat
  3814 | Ossuary  | Identified the ring "Vauqotu" {Fly rElec rF- Int+6}
  3922 | D:7      | Identified 2 scrolls of acquirement
  3922 | D:7      | Acquired 659 gold pieces
  3999 | D:7      | Reached *** piety under Wu Jian
  4230 | D:7      | Reached skill level 9 in Unarmed Combat
  4299 | D:7      | Noticed Pikel
  4308 | D:7      | Killed Pikel
  4309 | D:7      | Reached XP level 10. HP: 85/98 MP: 6/9
  4643 | D:7      | Acquired 589 gold pieces
  4711 | D:8      | Found an iron altar of Okawaru.
  4736 | D:8      | Found a basalt altar of Yredelemnul.
  4748 | D:8      | Noticed Prince Ribbit
  4765 | D:8      | Killed Prince Ribbit
  4879 | D:8      | Found Dexyteruc's Assorted Antiques.
  5057 | D:8      | Noticed a centaur warrior
  5059 | D:8      | Noticed a centaur warrior
  5122 | D:8      | Reached skill level 10 in Unarmed Combat
  5508 | D:9      | Found a glowing golden altar of the Shining One.
  5628 | D:9      | Found a broken altar of Ashenzari.
  5805 | D:9      | Reached **** piety under Wu Jian
  5868 | D:9      | Found Segreos's Armour Boutique.
  6008 | D:8      | Bought a scroll of identify for 70 gold pieces
  6008 | D:8      | Bought a scroll of identify for 70 gold pieces
  6125 | D:9      | Found a staircase to the Orcish Mines.
  6439 | D:10     | Entered Level 10 of the Dungeon
  6630 | D:10     | Identified the staff "Juziang" {rF- Int+3 Dex+2 Earth}
  7078 | D:11     | Learned a level 2 spell: Lesser Beckoning
  7209 | D:10     | Reached skill level 11 in Unarmed Combat
  7209 | D:10     | Reached XP level 11. HP: 47/104 MP: 5/10
  7280 | D:11     | Found a staircase to the Lair.
  7310 | D:11     | Found a gate leading to a gauntlet.
  7328 | D:11     | Noticed a green ugly thing
  7380 | Gauntlet | Entered a Gauntlet
  7380 | Gauntlet | Found a transporter.
  7380 | Gauntlet | Found a transporter.
  7380 | Gauntlet | Found a transporter.
  7384 | Gauntlet | Found a transporter.
  7384 | Gauntlet | Found a transporter.
  7391 | Gauntlet | Noticed a shining eye
  7394 | Gauntlet | Found a transporter.
  7398 | Gauntlet | Found a transporter.
  7404 | Gauntlet | Noticed a death drake
  7407 | Gauntlet | Noticed a glowing orange brain
  7408 | Gauntlet | Found a transporter.
  7420 | Gauntlet | Noticed a white ugly thing
  7502 | Gauntlet | Found a transporter.
  7510 | Gauntlet | Found a transporter.
  7514 | Gauntlet | Found a transporter.
  7524 | Gauntlet | Found a transporter.
  7745 | Gauntlet | Identified the +1 robe of the Hippo {rF+ Dex+3}
  7774 | Gauntlet | Reached skill level 1 in Translocations
  7852 | Gauntlet | Killed a glowing orange brain
  7853 | Gauntlet | Reached skill level 1 in Spellcasting
  7860 | Gauntlet | Killed a white ugly thing
  7913 | Gauntlet | Identified the +0 cloak of Maltheism {MP+9}
  7967 | Gauntlet | Identified the ring "Memebbok" {Wiz Str-2 Int+9 Dex-4
                  | Stlth+}
  7967 | Gauntlet | Noticed a minotaur
  7980 | Gauntlet | Killed a minotaur
  8247 | D:11     | Found a hazy altar of Hepliaklqana.
  8396 | D:11     | Killed a green ugly thing
  8560 | D:12     | Acquired the +10 tower shield of Ignorance {rN+ Int-4}
  8560 | D:12     | Found the +10 tower shield of Ignorance {rN+ Int-4}
  8582 | D:12     | Identified the +12 trident of Debt {freeze, Dex+2}
  8694 | D:12     | Noticed a boulder beetle
  8713 | D:12     | Killed a boulder beetle
  8867 | D:12     | Noticed a boulder beetle
  8879 | D:12     | Killed a boulder beetle
  8880 | D:12     | Reached skill level 12 in Unarmed Combat
  9336 | Lair:1   | Entered Level 1 of the Lair of Beasts
  9373 | Lair:1   | Identified the +0 robe "Keudeb" {*Slow rN+++ Dex+5 SInv}
  9684 | Lair:1   | Reached XP level 12. HP: 114/118 MP: 12/14
 10386 | Lair:2   | Reached ***** piety under Wu Jian
 10421 | Lair:2   | Noticed a boulder beetle
 10439 | Lair:2   | Killed a boulder beetle
 10512 | Lair:2   | Noticed a six-headed hydra
 10528 | Lair:2   | Killed a ten-headed hydra
 10920 | Lair:2   | Reached skill level 13 in Unarmed Combat
 11508 | Lair:3   | Noticed a death yak
 11509 | Lair:3   | Found a staircase to the Shoals.
 11509 | Lair:3   | Noticed a death yak
 11552 | Lair:3   | Killed a death yak
 11553 | Lair:3   | Noticed a death yak
 11560 | Lair:3   | Killed a death yak
 11561 | Lair:3   | Reached XP level 13. HP: 128/128 MP: 16/16
 11763 | Lair:3   | You fall into a shaft and drop 1 floor!
 12054 | Lair:3   | Found a staircase to the Snake Pit.
 12594 | Lair:4   | Noticed Josephine
 12632 | Lair:4   | Killed Josephine
 12759 | Lair:4   | Reached skill level 14 in Unarmed Combat
 12942 | Lair:4   | Reached ****** piety under Wu Jian
 12965 | Lair:4   | Reached skill level 5 in Translocations
 13783 | Lair:5   | Entered Level 5 of the Lair of Beasts
 13898 | Lair:5   | Reached skill level 10 in Shields
 13914 | Lair:5   | Reached XP level 14. HP: 139/140 MP: 15/17
 13924 | Lair:5   | Found a staircase to the Slime Pits.
 13928 | Lair:5   | Found a viscous altar of Jiyva.
 14430 | Lair:5   | Reached skill level 15 in Unarmed Combat
 14949 | Lair:5   | Found a corrupted altar of Lugonu.
 14964 | Lair:5   | Found a one-way gate to the infinite horrors of the Abyss.
 14971 | Lair:5   | Identified the scarf "Ziobbuh" {repulsion, rCorr}
 15306 | Orc:1    | Entered Level 1 of the Orcish Mines
 15500 | Orc:1    | Reached skill level 10 in Fighting
 15559 | Orc:1    | Found a roughly hewn altar of Beogh.
 15818 | Orc:2    | Entered Level 2 of the Orcish Mines
 15949 | Orc:2    | Found a roughly hewn altar of Beogh.
 16054 | Orc:2    | Found a roughly hewn altar of Beogh.
 16152 | Orc:2    | Reached skill level 16 in Unarmed Combat
 16155 | Orc:2    | Found a roughly hewn altar of Beogh.
 16170 | Orc:2    | Found Minlue's Book Shop.
 16213 | Orc:2    | Found a roughly hewn altar of Beogh.
 16228 | Orc:2    | Found Wyifibuo's Weapon Emporium.
 16331 | Orc:2    | Found a staircase to the Elven Halls.
 16377 | Orc:2    | Found a roughly hewn altar of Beogh.
 16404 | Orc:2    | Found Yvuopp's CLEARANCE SALE!.
 16698 | Orc:2    | Noticed an orc warlord
 16736 | Orc:2    | Reached XP level 15. HP: 59/149 MP: 6/18
 16761 | Orc:2    | HP: 7/149 [orc warrior/+0 trident[an orc warlord] (17)]
 16769 | Orc:2    | HP: 4/149 [orc warlord/+0 war axe (12)]
 17045 | Orc:2    | Found Uwivol's Antique Weapon Emporium.
 17045 | Orc:2    | Found a roughly hewn altar of Beogh.
 17048 | Orc:2    | Found Xatyiragh's Antique Armour Shoppe.
 17097 | Orc:2    | Bought a glowing robe for 122 gold pieces
 17097 | Orc:2    | Bought an embroidered robe for 122 gold pieces
 17207 | Orc:2    | Bought Great Wizards, Vol. VII for 420 gold pieces
 17212 | Orc:2    | Learned a level 4 spell: Passage of Golubria
 17298 | D:8      | Bought a sharpened wooden wand for 140 gold pieces
 17298 | D:8      | Bought a potion of resistance for 350 gold pieces
 17514 | Shoals:1 | Entered Level 1 of the Shoals
 17643 | Shoals:1 | Identified the +6 halberd of the Jumping Coward {flame, rC+
                  | MP+9 Str-3 Dex+4}
 18630 | Shoals:2 | Reached skill level 17 in Unarmed Combat
 18781 | Shoals:2 | Noticed Frances
 18796 | Shoals:2 | Killed Frances
 19801 | Shoals:3 | Found Jifab's Firing Range.
 19809 | Shoals:3 | Bought 5 atropa-tipped darts for 63 gold pieces
 20005 | Shoals:3 | Killed from afar by a merfolk aquamancer

Illustrated notes

Levels and vault maps discovered:
D:1:      dpeg_arrival_castle, layout_rooms, chequers_jeans
D:2:      layout_basic
D:3:      layout_basic, lemuel_round_altar, lemuel_doored_altar,
          chequers_ecumenical_altar_simple_redux, dk_noncrumbling_3,
          kennysheep_generic_room_11
D:4:      layout_cave_pools, kiku_gazebo_pond_becter,
          mainiacjoe_overflow_small_starburst, minmay_temple_entry_offerings,
          minmay_misc_feat_iff, minmay_bisected, uniq_blork_the_orc
D:5:      layout_rooms, lemuel_round_altar, serial_shops, shop,
          chequers_serial_rivers_room_b
D:6:      layout_basic, overflow_temple_1_default, mainiacjoe_overflow_24_doors,
          uniq_crazy_yiuf_cottage
D:7:      layout_cave_pods, lightli_ossuary_entry_decrepit_ruins, uniq_pikel
D:8:      layout_loops_ring, yredelemnul_altar_generic, okawaru_metal_pillars_3,
          serial_shops, nicolae_take_the_stairs, lightli_corner_chamber,
          uniq_prince_ribbit1
D:9:      layout_basic, nicolae_ashenzari_skybound, mainiacjoe_overflow_paths,
          david_orc_4, serial_shops, nicolae_shop_just_a_little_nook
D:10:     layout_roguey
D:11:     layout_cave_pools, due_lair_maze_entry_diamond,
          gauntlet_entry_generic, minmay_misc_feat_roman,
          worldfamousw_hep_ancestral_shrine
D:12:     layout_long_grid
Lair:1:   layout_cave_pods
Lair:2:   layout_roguey, grunt_megastairs_2
Lair:3:   nzn_winding_woodlands_small
          [nzn_winding_woodlands_5x15_pathside_ponds,
          nzn_winding_woodlands_center_diamonds,
          nzn_winding_woodlands_5x15_longhouse], layout_gridlike,
          nicolae_shoals_entry_flooding, nicolae_snake_entry_squirm
Lair:4:   layout_cave_pods, serial_bayou, serial_bayou_pond_d,
          serial_bayou_shore_b, serial_bayou_pond_c, serial_bayou_pond_e,
          infiniplex_staircase_pool_2, grunt_megastairs_5, lemuel_fruit_fields,
          uniq_josephine
Lair:5:   hellmonk_lair_end_abyssal_woods, layout_big_grid, slime_entry_1
Shoals:1: layout_shoals, nicolae_shoals_stone_sculpture_thing, nicolae_tricolors
Shoals:2: layout_shoals, uniq_frances
Shoals:3: layout_shoals, nicolae_shop_firing_range
Orc:1:    layout_caves, basic_altar, einodemon_armed_red_devil_minivault
Orc:2:    grunt_orc_community_town_hall, layout_diamond_mine,
          grunt_orc_community_big_house_2, grunt_orc_community_big_house_2,
          grunt_orc_community_house_3, grunt_orc_community_house_2,
          grunt_orc_community_house_3, grunt_orc_community_house_1,
          grunt_orc_community_house_3, grunt_orc_community_house_3, basic_altar,
          nicolae_shop_clearance

Skill      XL: |  1  2  3  4  5  6  7  8  9 10 11 12 13 14 15 |
---------------+----------------------------------------------+-----
Shields        | 3 4 5 6 7 8 9 10 11 | 11.9
Unarmed Combat | 3 4 5 6 7 9 11 12 13 14 16 17 | 17.5
Fighting       | 3 4 5 6 7 8 9 10 11 | 11.0
Dodging        | 3 4 5 6 7 8 9 |  9.9
Translocations | 2 4 5 6 |  6.6
Spellcasting   | 2 3 |  3.3

Action                     |  1- 3 |  4- 6 |  7- 9 | 10-12 | 13-15 || total
---------------------------+-------+-------+-------+-------+-------++-------
  Melee: Unarmed           |   112 |    71 |   269 |   694 |  1415 ||  2561
 Invoke: Serpent's Lash    |       |       |     1 |     3 |     2 ||     6
Ability: Lunge             |       |     9 |    30 |    48 |   130 ||   217
         Whirlwind         |       |       |     6 |    39 |   125 ||   170
  Evoke: Wand              |       |       |       |     1 |       ||     1
    Use: Scroll            |     4 |       |    12 |    13 |     7 ||    36
         Potion            |       |       |     4 |     4 |     5 ||    13
   Stab: Sleeping          |       |     1 |     5 |     5 |    12 ||    23
         Distracted        |       |       |     1 |       |     4 ||     5
 Armour: Robe              |    58 |    33 |   109 |   275 |   443 ||   918
         Skin              |       |       |       |    36 |       ||    36
  Dodge: Dodged            |    32 |    13 |   108 |   373 |   541 ||  1067
         Repelled          |       |       |       |       |    12 ||    12
  Block: Kite shield       |    42 |    25 |   103 |   424 |   598 ||  1192
         Tower shield      |       |       |       |       |   454 ||   454

Table legend: (Time is in decaauts)
 A = Elapsed time spent in this place.
 B = Non-inter-level travel time spent in this place.
 C = Inter-level travel time spent in this place.
 D = Time resting spent in this place.
 E = Time spent auto-exploring this place.
 F = Levels seen in this place.
 G = Mean time per level.
                   A        B        C        D        E       F      G
               +--------+--------+--------+--------+--------+-----+--------+
         Total |  19745 |  18404 |   1341 |   1696 |  11515 |  24 |  822.7 |
       Dungeon |   8583 |   7891 |    692 |    403 |   5733 |  12 |  715.2 |
          Lair |   5890 |   5445 |    445 |    603 |   3280 |   5 | 1178.0 |
        Shoals |   2442 |   2376 |     66 |    455 |   1196 |   3 |  814.0 |
  Orcish Mines |   1855 |   1718 |    137 |    165 |   1029 |   2 |  927.5 |
       Ossuary |    307 |    307 |      0 |      0 |     83 |   1 |  307.0 |
      Gauntlet |    665 |    665 |      0 |     70 |    194 |   1 |  665.0 |
               +--------+--------+--------+--------+--------+-----+--------+

Top non-repeatable levels by time:
  Lair:4: 1383 daAuts
   Orc:2: 1356 daAuts
  Lair:5: 1288 daAuts
  Lair:3: 1208 daAuts
     D:9: 1145 daAuts
  Lair:1: 1043 daAuts
Shoals:1: 994 daAuts
  Lair:2: 966 daAuts
Shoals:2: 878 daAuts
     D:7: 823 daAuts
     D:8: 820 daAuts
     D:3: 793 daAuts
    D:12: 788 daAuts
    D:10: 749 daAuts
    D:11: 720 daAuts
